 Dungeon Crawl Stone Soup version 0.21-a0-507-ga8f6b7a (webtiles) character file.

18 esteth the Grave Robber (level 2, 0/20 HPs)
             Began as a Hill Orc Necromancer on Nov 27, 2017.
             Succumbed to an adder's poison
             ... on level 1 of the Dungeon.
             The game lasted 00:03:37 (1938 turns).

esteth the Grave Robber (Hill Orc Necromancer)      Turns: 1938, Time: 00:03:37

Health: 0/20       AC:  4    Str: 10    XL:     2   Next: 66%
Magic:  1/4        EV: 17    Int: 15    God:
Gold:   34         SH:  0    Dex: 16    Spells: 3/4 levels left

rFire    . . .     SeeInvis .   n - +0 short sword
rCold    . . .     Gourm    .   (no shield)
rNeg     . . .     Faith    .   a - +0 robe
rPois    .         Spirit   .   h - +1 hat
rElec    .         Reflect  .   (no cloak)
rCorr    .         Harm     .   j - +0 pair of gloves {archery}
MR       .....                  (no boots)
Stlth    +++.......             (no amulet)
HPRegen  0.06/turn              (no ring)
MPRegen  0.09/turn              (no ring)

@: agile, lethally poisoned (0 -> -3)
A: no striking features
a: no special abilities


You were on level 1 of the Dungeon.
You were not hungry.

You visited 1 branch of the dungeon, and saw 2 of its levels.

You collected 34 gold pieces.

Inventory:

Hand Weapons
 n - a +0 short sword (weapon)
Armour
 a - a +0 robe (worn)
 h - a +1 hat (worn)
 j - a +0 pair of gloves of archery (worn)
Scrolls
 i - a scroll of amnesia {unknown}
 l - 2 scrolls of immolation {unknown}
 m - a scroll of teleportation {unknown}
 o - a scroll of random uselessness {unknown}
Potions
 e - a potion of berserk rage {unknown}
Books
 b - a book of Necromancy

   Spells                             Type                      Level
   a - Pain                           Necromancy                   1
   b - Animate Skeleton               Necromancy                   1
   c - Vampiric Draining              Necromancy                   3
   d - Regeneration                   Charms/Necromancy            3
   e - Animate Dead                   Necromancy                   4
   f - Control Undead                 Necromancy                   4
Comestibles
 c - 4 chunks of flesh
 d - 3 fruits
 f - a meat ration


   Skills:
 + Level 1.2 Armour
 - Level 1.5 Dodging
 - Level 1.5 Stealth
 + Level 1.9 Spellcasting
 + Level 4.2 Necromancy


You had 3 spell levels left.
You knew the following spells:

 Your Spells              Type           Power        Failure   Level  Hunger
a - Pain                  Necr           ##..         4%          1    ##.....


Dungeon Overview and Level Annotations

Branches:
Dungeon (2/15)

Altars:


Message History

The adder is moderately wounded.
* * * LOW HITPOINT WARNING * * *
You feel sick. The adder barely misses you.
You barely miss the adder.
The adder is moderately wounded.
The adder bites you.
* * * LOW HITPOINT WARNING * * *
You hit the adder.
The adder is severely wounded.
The adder closely misses you. x2
You hit the adder but do no damage.
The adder is severely wounded.
* * * LOW HITPOINT WARNING * * *
You feel sick. The adder closely misses you.
You hit the adder but do no damage.
The adder is severely wounded.
The adder closely misses you. The adder misses you.
You closely miss the adder.
The adder is severely wounded.
You die...

######### #........
########## #.#######
#........##########........
##.#####.S@.......#########
#.#...#...####...#<.......
#(#.#.#.#........#########
#.#.#.#.#.#####...........
#.........................
#######.....#....#######.#
#......................#..
#.#####................##.
#.# #....##..........##.


You could see an adder.

Vanquished Creatures
  A worm (D:2)
  2 giant cockroaches (D:1)
  A goblin (D:1)
  2 hobgoblins (D:2)
  4 kobolds
  2 bats
  A frilled lizard (D:2)
13 creatures vanquished.

Notes
Turn   | Place    | Note
-------+----------+-------------------------------------------
     0 | D:1      | esteth the Hill Orc Necromancer began the quest for the Orb.
     0 | D:1      | Reached XP level 1. HP: 14/14 MP: 3/3
  1032 | D:1      | Reached XP level 2. HP: 16/20 MP: 2/4
  1479 | D:2      | Reached skill level 1 in Armour
  1825 | D:2      | HP: 1/20 [worm (12)]
  1836 | D:2      | HP: 1/20 [bat (1)]
  1936 | D:1      | HP: 1/20 [poisoned by an adder]
  1938 | D:1      | Succumbed to an adder's poison

Vault maps used:
D:1:      wheals_arrival_linesprint, serial_glass, glass_columns_b,
          glass_columns_b, minivault_19, minmay_ruptured
D:2:      kennysheep_okawaru_gauntlet, grunt_temple_overflow_open,
          xom_teletrap_fun, uniq_robin

Skill      XL: |  1  2 |
---------------+-------+-----
Armour         | 1 |  1.2
Dodging        | |  1.5
Stealth        | |  1.5
Spellcasting   | |  1.9
Necromancy     | |  4.2

Action                   || total
-------------------------++-------
Melee: Unarmed           ||    42
       Short sword       ||    40
 Cast: Pain              ||    22
  Use: Potion            ||     4
 Stab: Sleeping          ||     2
       Distracted        ||     1
  Eat: Bread ration      ||     1
Armor: Robe              ||    27
Dodge: Dodged            ||    73

Table legend:
 A = Spawn XP
 B = Non-spawn XP
 C = Spawn XP percentage of total XP
 D = Spawn monster count
 E = Non-spawn monster count
 F = Spawn count percentage of total count
 G = Total turns spent on level
                    A         B        C        D         E        F      G
               +---------+---------+-------+---------+---------+-------+---------
         Total |       0 |      26 |   0.0 |       0 |      13 |   0.0 |  1938
               +---------+---------+-------+---------+---------+-------+---------
           D:1 |       0 |      11 |   0.0 |       0 |       6 |   0.0 |  1419
           D:2 |       0 |      15 |   0.0 |       0 |       7 |   0.0 |   519
               +---------+---------+-------+---------+---------+-------+---------
